 Dungeon Crawl Stone Soup version 0.29-a0-222-g5b244fca1f (webtiles) character file.

Game seed: 17198772894303446717

56 Hasart the Bolt Thrower (level 3, 0/29 HPs)
             Began as a Demigod Hunter on Feb 27, 2022.
             Killed by nerve-wracking pain
             ... invoked by Menkaure
              (12 damage)
             ... on level 4 of the Dungeon.
             The game lasted 00:01:41 (1929 turns).

Hasart the Bolt Thrower (Demigod Hunter)            Turns: 1929, Time: 00:01:42

Health: 0/29       AC:  3    Str: 13    XL:     3   Next: 48%
Magic:  5/5        EV: 16    Int: 13    God:
Gold:   199        SH:  0    Dex: 18    Spells: 2/2 levels left

rFire   . . .      SeeInvis .   a - +1 hand crossbow
rCold   . . .      Faith    .   (no shield)
rNeg    . . .      Spirit   .   b - +0 leather armour
rPois   +          Reflect  .   (no helmet)
rElec   .          Harm     .   (no cloak)
rCorr   .          Rampage  .   (no gloves)
Will    .....                   (no boots)
Stlth   ++........              (no amulet)
HPRegen 0.09/turn               c - +4 ring of evasion
MPRegen 0.09/turn               d - ring of poison resistance

@: no status effects
A: high MP 1, forlorn, divine attributes
a: no special abilities


You were on level 4 of the Dungeon.
You visited 1 branch of the dungeon, and saw 4 of its levels.

You collected 199 gold pieces.

Inventory:

Hand Weapons
 a - a +1 hand crossbow (weapon)
Armour
 b - a +0 leather armour (worn)
Jewellery
 c - a +4 ring of evasion (left hand)
 d - a ring of poison resistance (right hand)
 l - a ring of protection from fire
Scrolls
 f - a scroll of silence {unknown}
 g - 4 scrolls of identify {unknown}
 h - a scroll of summoning {unknown}
 o - a scroll of vulnerability {unknown}
Potions
 e - 2 potions of cancellation {unknown}
 i - a potion of brilliance {unknown}
 j - a potion of mutation {unknown}
 k - a potion of heal wounds {unknown}
 m - a potion of haste {unknown}
 n - a potion of curing {unknown}


   Skills:
 + Level 2.2 Fighting
 * Level 4.2 Crossbows
 + Level 2.3 Dodging
 + Level 1.6 Stealth


You had 2 spell levels left.
You didn't know any spells.
Your spell library was empty.

Dungeon Overview and Level Annotations

Branches:
Dungeon (3/15)

Shops:
D:2 =

Annotations:
D:4 Menkaure


Innate Abilities, Weirdness & Mutations

You have an increased reservoir of magic. (+10% MP)
You shall have no god before yourself.
Your divine heritage dramatically boosts your attributes as you level up.


Message History

Menkaure, Prince of Dust comes into view.
Found a fizzy ruby potion.
Menkaure is nearby!
Menkaure is nearby!
You shoot a bolt. The bolt hits Menkaure.
Menkaure is lightly damaged.
You shoot a bolt.
The bolt hits Menkaure but does no damage.
Menkaure is lightly damaged.
You shoot a bolt.
The bolt hits Menkaure but does no damage.
Menkaure is lightly damaged.
Menkaure gestures at you while chanting.
You barely resist. You shoot a bolt. The bolt hits Menkaure.
Menkaure is lightly damaged.
You shoot a bolt. The bolt hits Menkaure.
Menkaure is moderately damaged.
Menkaure gestures ominously.
You shoot a bolt. The bolt hits Menkaure.
Menkaure is moderately damaged.
Menkaure hits you!
Ouch! That really hurt!
You are too injured to fight recklessly!
You are too injured to fight recklessly!
Shoot: a) +1 hand crossbow
Press: ? - help, Q - select action Shift-Dir - straight line, f/p - Menkaure
Aim: Menkaure (moderately damaged, 79% to hit)
You shoot a bolt. The bolt closely misses Menkaure.
Menkaure barely misses you.
Unknown command.
Unknown command.
Shoot: a) +1 hand crossbow
Press: ? - help, Q - select action Shift-Dir - straight line, f/p - Menkaure
Aim: Menkaure (moderately damaged, 79% to hit)
You shoot a bolt. The bolt hits Menkaure.
Menkaure is heavily damaged.
Menkaure casts a spell at you. Pain shoots through your body!
You die...

............##
.............
............
..........
#.......
#.#......
........#
.......@#
.......M....#
.#...#..#...#
#.!. ...#...#
... ..... .##
#. .###.. .. #
.. #.. .. .#
...# ...


You could see Menkaure.

Vanquished Creatures
  An adder (D:2)
  A worm (D:3)
  A dart slug (D:2)
  A ball python (D:1)
  7 endoplasms
  A giant cockroach (D:1)
  6 goblins
  3 hobgoblins
  2 quokkas (D:1)
  4 bats
  3 frilled lizards
  6 kobolds
  4 rats
40 creatures vanquished.

Notes
Turn   | Place    | Note
-------+----------+-------------------------------------------
     0 | D:1      | Hasart the Demigod Hunter began the quest for the Orb.
     0 | D:1      | Reached XP level 1. HP: 17/17 MP: 3/3
    68 | D:1      | Reached skill level 1 in Stealth
   260 | D:1      | Reached XP level 2. HP: 16/24 MP: 4/4
   562 | D:1      | Reached skill level 4 in Crossbows
   814 | D:2      | Reached XP level 3. HP: 16/29 MP: 5/5
  1041 | D:2      | Found Toleq's Jewellery Shop.
  1921 | D:3      | You fall into a shaft and drop 1 floor!
  1921 | D:4      | Noticed Menkaure
  1929 | D:4      | Killed from afar by Menkaure

Illustrated notes

Levels and vault maps discovered:
D:1:      scummos_arrival_forest, layout_basic, st_stairs_11
D:2:      layout_rooms, ebering_ecumenical_altar_mist, basic_altar,
          serial_shops, nicolae_shop_advertising_works
          [nicolae_subvault_shop_adworks]
D:3:      layout_basic, hangedman_abyss_or_decor_lesser_grid, minivault_14
D:4:      layout_layer_cave, nicolae_overflow_crystal_walls, uniq_sigmund,
          uniq_menkaure, uniq_edmund

Skill      XL: |  1  2 |
---------------+-------+-----
Stealth        | 1 |  1.6
Dodging        | 2 |  2.3
Fighting       | 2 |  2.2
Crossbows      | 4 |  4.2

Action                   || total
-------------------------++-------
 Fire: Hand crossbow     ||   127
Armor: Leather armour    ||     8
Dodge: Dodged            ||    33

Table legend: (Time is in decaauts)
 A = Elapsed time spent in this place.
 B = Non-inter-level travel time spent in this place.
 C = Inter-level travel time spent in this place.
 D = Time resting spent in this place.
 E = Time spent auto-exploring this place.
 F = Levels seen in this place.
 G = Mean time per level.
                   A        B        C        D        E       F      G
               +--------+--------+--------+--------+--------+-----+--------+
         Total |   1970 |   1912 |     58 |     94 |   1562 |   4 |  492.5 |
       Dungeon |   1970 |   1912 |     58 |     94 |   1562 |   4 |  492.5 |
               +--------+--------+--------+--------+--------+-----+--------+

Top non-repeatable levels by time:
     D:1: 794 daAuts
     D:2: 594 daAuts
     D:3: 571 daAuts
     D:4: 10 daAuts
